 Dungeon Crawl Stone Soup version 0.28-a0-850-g09de17f5b5 (webtiles) character file.

Game seed: 13951568803018410036

74 Crownlay the Poker (level 4, -7/37 HPs)
             Began as a Minotaur Gladiator on Nov 13, 2021.
             Mangled by a gnoll (8 damage)
             ... on level 3 of the Dungeon.
             The game lasted 00:01:52 (2155 turns).

Crownlay the Poker (Minotaur Gladiator)             Turns: 2155, Time: 00:01:53

Health: -7/37      AC:  3    Str: 19    XL:     4   Next: 10%
Magic:  3/3        EV: 12    Int:  5    God:
Gold:   79         SH:  0    Dex: 12    Spells: 3/3 levels left

rFire   . . .      SeeInvis .   a - +0 trident
rCold   . . .      Faith    .   (no shield)
rNeg    . . .      Spirit   .   b - +0 leather armour
rPois   .          Reflect  .   c - +0 hat
rElec   .          Harm     .   (no cloak)
rCorr   .          Rampage  .   (no gloves)
Will    .....                   (no boots)
Stlth   +.........              n - amulet of the acrobat
HPRegen 0.12/turn               (no ring)
MPRegen 0.08/turn               (no ring)

@: no status effects
A: horns 2, retaliatory headbutt
a: no special abilities


You were on level 3 of the Dungeon.
You visited 1 branch of the dungeon, and saw 3 of its levels.

You collected 79 gold pieces.

Inventory:

Hand Weapons
 a - a +0 trident (weapon)
Missiles
 d - 4 throwing nets (quivered)
Armour
 b - a +0 leather armour (worn)
 c - a +0 hat (worn)
Jewellery
 n - an amulet of the acrobat (around neck)
Scrolls
 e - 2 scrolls of identify
 f - a scroll of torment
 g - a scroll of summoning
 h - a scroll of enchant weapon
 m - a scroll of teleportation {unknown}
Potions
 i - a potion of brilliance {unknown}
 j - a potion of curing {unknown}
 k - 2 potions of haste {unknown}
 l - a potion of berserk rage {unknown}


   Skills:
 - Level 2.4 Fighting
 + Level 1.9 Maces & Flails
 - Level 3.9 Polearms
 * Level 3.8 Throwing
 - Level 3.2 Dodging


You had 3 spell levels left.
You didn't know any spells.
Your spell library contained the following spells:

 Spells                   Type           Power      Damage    Failure   Level
 Summon Small Mammal      Summ           0%         N/A       54%         1
 Call Canine Familiar     Summ           0%         N/A       88%         3
 Summon Guardian Golem    Hex/Summ       0%         N/A       88%         3


Dungeon Overview and Level Annotations

Branches:
Dungeon (3/15)

Altars:

Shops:
D:1 (   D:2 [


Innate Abilities, Weirdness & Mutations

You have a pair of horns on your head.
You reflexively headbutt those who attack you in melee.


Message History

A rat is nearby!
A rat is nearby!
A rat is nearby!
A rat is nearby!
You puncture the rat!
You kill the rat!
No target in view!
Done exploring.
Done exploring.
Done exploring.
Done exploring.
No target in view!
No target in view!
No target in view!
Done exploring.
Done exploring.
Done exploring.
(D) Dungeon
Where to? (Enter - D:2, ? - help)
There is a stone staircase leading up here.
There is a stone staircase leading down here.
You climb downwards.
The goblin shouts!
The gnoll shouts! x3
Found a scroll labelled GATYLOLEYSK.
Found a stone staircase leading up and a stone staircase leading down.
There is a stone staircase leading up here.
There are monsters nearby!
You puncture the gnoll! You headbutt the gnoll.
You kill the gnoll!
The gnoll hits you with a +0 spear!
You have reached level 4!
You feel agile.
You hit the gnoll but do no damage. Your headbutt misses the gnoll.
The gnoll hits you from afar with a +1 halberd of protection!
The gnoll hits you with a +0 spear!
* * * LOW HITPOINT WARNING * * *
The gnoll hits you from afar with a +1 halberd of protection!
* * * LOW HITPOINT WARNING * * *
The gnoll hits you with a +0 whip!
You die...

###########
#.........#
#..>......#
#<....)...#
#.....@gg.#
#......g..#
#......g..#
#?........#
#.........#
#.........#
#####.#####
..


You could see 3 gnolls and a goblin.

Vanquished Creatures
  An adder (D:2)
  A gnoll (D:3)
  2 worms (D:2)
  A dart slug (D:2)
  5 ball pythons
  6 endoplasms
  3 goblins
  6 hobgoblins
  3 jackals (D:2)
  A quokka (D:1)
  4 bats
  5 frilled lizards
  4 kobolds
  3 rats (D:2)
45 creatures vanquished.

Vanquished Creatures (others)
  2 plants (D:1)
2 creatures vanquished.

Grand Total: 47 creatures vanquished

Notes
Turn   | Place    | Note
-------+----------+-------------------------------------------
     0 | D:1      | Crownlay the Minotaur Gladiator began the quest for the
                  | Orb.
     0 | D:1      | Reached XP level 1. HP: 18/18 MP: 0/0
   313 | D:1      | Reached XP level 2. HP: 25/25 MP: 1/1
   411 | D:1      | Found Kiogauf's Antique Weapon Shop.
  1100 | D:2      | Reached skill level 1 in Maces & Flails
  1231 | D:2      | Reached XP level 3. HP: 28/30 MP: 2/2
  1786 | D:2      | Found Leqydgh's Antique Armour Shoppe.
  2154 | D:3      | Reached XP level 4. HP: 28/37 MP: 3/3
  2155 | D:3      | HP: 1/37 [gnoll (8)]
  2155 | D:3      | Mangled by a gnoll

Illustrated notes

Levels and vault maps discovered:
D:1:      psy_arrival_fountain, layout_loops_ring, serial_forest,
          infiniplex_forest_clump_double, infiniplex_forest_lined_3,
          infiniplex_forest_side_room, infiniplex_forest_lined_ring,
          infiniplex_forest_fountain, infiniplex_forest_straight_5,
          infiniplex_forest_straight_2, infiniplex_forest_clump_cross,
          serial_shops, shop, hangedman_feature_mirror
D:2:      layout_loops_ring, serial_shops, nicolae_lakefront_shop
D:3:      wad_lake_hut, layout_rooms, chequers_ecumenical_altar_simple_redux

Skill      XL: |  1  2 |
---------------+-------+-----
Throwing       | 3 |  3.8
Maces & Flails | 1 |  1.9
Fighting       | |  2.4
Polearms       | |  3.9
Dodging        | |  3.2

Action                   |  1- 3 |  4- 6 || total
-------------------------+-------+-------++-------
Melee: Trident           |    95 |     1 ||    96
       Headbutt          |    14 |       ||    14
  Use: Scroll            |     3 |       ||     3
 Stab: Sleeping          |     1 |       ||     1
Armor: Leather armour    |    14 |       ||    14
Dodge: Dodged            |    47 |       ||    47

Table legend: (Time is in decaauts)
 A = Elapsed time spent in this place.
 B = Non-inter-level travel time spent in this place.
 C = Inter-level travel time spent in this place.
 D = Time resting spent in this place.
 E = Time spent auto-exploring this place.
 F = Levels seen in this place.
 G = Mean time per level.
                   A        B        C        D        E       F      G
               +--------+--------+--------+--------+--------+-----+--------+
         Total |   2164 |   2091 |     73 |      0 |   1870 |   3 |  721.3 |
       Dungeon |   2164 |   2091 |     73 |      0 |   1870 |   3 |  721.3 |
               +--------+--------+--------+--------+--------+-----+--------+

Top non-repeatable levels by time:
     D:2: 1098 daAuts
     D:1: 1063 daAuts
     D:3: 2 daAuts
